 Dungeon Crawl Stone Soup version 0.18.1-47-g9310371 (webtiles) character file.

8885 sleepydude the Basher (level 11, -1/60 HPs)
             Began as a Gargoyle Fighter on June 17, 2016.
             Was a Follower of Okawaru.
             Slain by a yak (10 damage)
             ... on level 11 of the Dungeon on June 18, 2016.
             The game lasted 01:01:22 (10345 turns).

sleepydude the Basher (Gargoyle Fighter)           Turns: 10345, Time: 01:01:23

Health: -1/60      AC: 25    Str: 21    XL:     11   Next: 37%
Magic:  11/11      EV:  9    Int:  8    God:    Okawaru [*.....]
Gold:   307        SH: 12    Dex: 12    Spells: 0 memorised, 10 levels left

rFire  . . .     SeeInvis .     x - +3 flail (protect)
rCold  . . .     Gourm    .     M - +3 ring mail
rNeg   + . .     Faith    .     c - +1 shield
rPois  ∞         Spirit   .     D - +2 helmet of Hyqom {Slay+2}
rElec  +         Dismiss  .     (no cloak)
rCorr  .         Reflect  .     (no gloves)
SustAt .         Harm     .     (no boots)
MR     +....                    (no amulet)
Stlth  ++........               L - ring of protection from magic
                                w - ring of stealth

@: about to teleport, somewhat resistant to hostile enchantments, unstealthy
A: negative energy resistance 1, electricity resistance, unbreathing,
petrification resistance, rot immunity, AC +7
a: Heroism, Renounce Religion


You were on level 11 of the Dungeon.
You worshipped Okawaru.
Okawaru was aware of your devotion.
You were hungry.

You visited 2 branches of the dungeon, and saw 12 of its levels.

You collected 544 gold pieces.
You spent 237 gold pieces at shops.

Inventory:

Hand Weapons
 b - a +0 whip of distortion
 n - a +4 whip
 x - a +3 flail of protection (weapon)
Armour
 c - a +1 shield (worn)
 e - the +0 ring mail "Inim" {+Blink rF+++ MR+ Str-4}
   (You acquired it on level 10 of the Dungeon)

   It affects your strength (-4).
   It renders you almost immune to fire.
   It affects your resistance to hostile enchantments.
   It lets you blink.
 D - the +2 helmet of Hyqom (worn) {Slay+2}
   (You bought it in a shop on level 8 of the Dungeon)

   It affects your accuracy and damage with ranged weapons and melee attacks
   (+2).
 M - a +3 ring mail (worn)
Jewellery
 w - a ring of stealth (left hand)
 L - a ring of protection from magic (right hand)
Wands
 a - a wand of iceblast (9/15)
 B - a wand of iceblast (11/15)
 G - a wand of acid (11/15)
Scrolls
 g - 4 scrolls of remove curse
 i - 4 scrolls of amnesia
 m - 4 scrolls of fog
 r - 2 scrolls of recharging
 s - 2 scrolls of enchant armour
 y - 2 scrolls of magic mapping
 z - a scroll of fear
 J - 6 scrolls of identify
Potions
 d - 3 potions of might
 l - a potion of degeneration {unknown}
 q - a potion of resistance {unknown}
 v - 2 potions of ambrosia {unknown}
 A - a potion of flight {unknown}
 E - a potion of cancellation {unknown}
 H - a potion of brilliance {unknown}
 K - a potion of invisibility {unknown}
 N - a potion of agility {unknown}
Books
 I - Rites and Rhymes, Part One
   (You found it on level 6 of the Dungeon)

   Spells                             Type                      Level
   a - Corona                         Hexes                        1
   b - Freeze                         Ice                          1
   c - Summon Small Mammal            Summoning                    1
   d - Apportation                    Translocation                1
   e - Beastly Appendage              Transmutation                1
Comestibles
 f - 8 bread rations
 k - 7 meat rations
 t - 3 slices of pizza
 u - 5 beef jerkies


   Skills:
 - Level 3.2 Fighting
 - Level 14.2 Maces & Flails
 + Level 8.1 Armour
 + Level 7.9 Shields


You had 10 spell levels left.
You didn't know any spells.

Dungeon Overview and Level Annotations

Branches:
Dungeon (11/15)            Temple (1/1) D:6            Lair (0/8) D:10
    Orc: D:9-12

Altars:
Ashenzari
Cheibriados
Dithmenos
Elyvilon
Fedhas
Gozag
Kikubaaqudgha
Makhleb
Nemelex Xobeh
Okawaru
Pakellas
Qazlal
Ru
Sif Muna
Trog
Vehumet
Xom
Yredelemnul
Zin
The Shining One

Shops:
D:4 (   D:8 [**[}

Annotations:
D:6 Prince Ribbit


Innate Abilities, Weirdness & Mutations

You are resistant to torment.
Your stone body is resilient (AC +7).
You are immune to poison.
You resist negative energy.
You are resistant to electric shocks.
You can survive without breathing.
You are immune to petrification.
You are immune to rotting.


Message History

The hound closely misses you. The centaur hits you.
* * * LOW HITPOINT WARNING * * *
You miss the hound.
The hound is almost dead.
You block the hound's attack. The centaur hits you.
* * * LOW HITPOINT WARNING * * *
The centaur zombie completely misses you.
The yak barely misses you. The yak gores you but does no damage.
Unknown command.
You thump the hound!
You kill the hound!
Okawaru accepts your kill. You block the centaur's attack.
You block the deep elf mage's attack.
The centaur zombie hits you but does no damage.
Read which item? (? for menu, Esc to quit)
As you read the scroll of teleportation, it crumbles to dust.
You feel strangely unstable. The centaur hits you.
* * * LOW HITPOINT WARNING * * *
The yak gores you!
You die...

.................
.................##
.................$#
..................
.................
..............#
..............#
.......ce*....+
.......@Yc##..#
......oZY.##..#
.......Z.(##..#
.........†##..#
.........)##e.#
..........(...#
.......#####+##
#######


You could see a deep elf mage, 2 yaks, 2 centaurs, a battlesphere, an orc and 2
centaur zombies.

Vanquished Creatures
  A hill giant (D:10)
  A deep elf mage (D:11)
  An ugly thing (D:11)
  3 polar bears (D:10)
  A two-headed ogre (D:8)
  The ghost of ck1fx the Charmwright, an amateur HESk (D:4)
  6 yaks
  3 hungry ghosts
  Eustachio (D:5)
  3 hippogriffs
  A water moccasin (D:10)
  An orc warrior (D:7)
  4 ice beasts
  3 phantoms
  A wasp (D:10)
  A black bear (D:10)
  2 ogres
  13 centaurs
  2 big kobolds
  2 giant frogs
  2 gnoll sergeants
  A water moccasin skeleton (D:7)
  4 scorpions
  10 killer bees
  6 howler monkeys
  A giant frog zombie (D:7)
  4 crimson imps
  A jelly (D:7)
  A centaur zombie (D:7)
  9 hounds
  3 orc priests
  A giant frog skeleton (D:9)
  3 gnoll shamans (D:5)
  12 orc wizards
  Jessica (D:2)
  2 iguanas (D:4)
  5 worker ants
  A hound zombie (D:9)
  2 hound skeletons
  A worker ant zombie (D:4)
  11 adders
  3 howler monkey skeletons
  51 gnolls
  2 shadow imps
  4 oozes
  An adder zombie (D:6)
  3 adder skeletons
  2 worms
  3 dart slugs
  5 giant geckos
  47 orcs
  4 giant cockroaches
  11 goblins
  10 hobgoblins
  31 jackals
  15 kobolds
  5 quokkas
  4 ball pythons
  A ball python zombie (D:4)
  14 bats
  A giant gecko skeleton (D:4)
  3 giant newts
  4 quokka zombies
  12 rats
368 creatures vanquished.

Notes
Turn   | Place    | Note
--------------------------------------------------------------
     0 | D:1      | sleepydude the Gargoyle Fighter began the quest for the Orb.
     0 | D:1      | Reached XP level 1. HP: 14/14 MP: 1/1
   193 | D:1      | Reached XP level 2. HP: 17/19 MP: 2/2
   302 | D:1      | Reached skill level 3 in Maces & Flails
   474 | D:1      | Reached XP level 3. HP: 22/23 MP: 3/3
  1013 | D:2      | Noticed Jessica
  1017 | D:2      | Killed Jessica
  1017 | D:2      | Reached skill level 4 in Maces & Flails
  1017 | D:2      | Reached XP level 4. HP: 28/28 MP: 4/4
  1381 | D:2      | Reached skill level 5 in Maces & Flails
  1381 | D:2      | Reached XP level 5. HP: 29/32 MP: 5/5
  2057 | D:3      | Reached skill level 6 in Maces & Flails
  2101 | D:3      | Reached XP level 6. HP: 37/37 MP: 6/6
  2521 | D:3      | Found a faded altar to an unknown god.
  2919 | D:4      | Noticed ck1fx's ghost (amateur HESk)
  2953 | D:4      | Killed ck1fx's ghost
  2953 | D:4      | Reached skill level 7 in Maces & Flails
  2953 | D:4      | Reached XP level 7. HP: 34/41 MP: 7/7
  3006 | D:4      | Reached skill level 8 in Maces & Flails
  3295 | D:4      | Found a stormy altar of Qazlal.
  3407 | D:4      | Found Awipt's Antique Weapon Boutique.
  3449 | D:4      | Reached skill level 9 in Maces & Flails
  3451 | D:4      | Reached XP level 8. HP: 26/46 MP: 8/8
  3595 | D:5      | Entered Level 5 of the Dungeon
  4095 | D:5      | Reached skill level 10 in Maces & Flails
  4211 | D:5      | Noticed Eustachio
  4274 | D:5      | Killed Eustachio
  4528 | D:5      | Reached skill level 11 in Maces & Flails
  4592 | D:5      | Reached XP level 9. HP: 51/51 MP: 9/9
  5320 | D:6      | Identified Rites and Rhymes, Part One
  5464 | D:6      | Reached skill level 12 in Maces & Flails
  5579 | D:6      | Found a staircase to the Ecumenical Temple.
  5588 | Temple   | Entered the Ecumenical Temple
  5595 | Temple   | Became a worshipper of Trog the Wrathful
  5706 | D:6      | Found a shadowy altar of Dithmenos.
  5709 | D:6      | Found a snail-covered altar of Cheibriados.
  5712 | D:6      | Found a sacrificial altar of Ru.
  5715 | D:6      | Found an opulent altar of Gozag.
  6158 | D:7      | Noticed Prince Ribbit
  6215 | D:6      | Reached * piety under Trog
  6554 | D:7      | Reached skill level 13 in Maces & Flails
  6739 | D:7      | Reached ** piety under Trog
  6781 | D:7      | Reached XP level 10. HP: 37/56 MP: 10/10
  7169 | D:8      | Found Ughij's Antique Armour Shoppe.
  7195 | D:8      | Bought a faintly humming helmet for 237 gold pieces
  7200 | D:8      | Identified the +2 helmet of Hyqom {Slay+2} (You bought it in a shop on level 8 of the Dungeon)
  7312 | D:8      | Found Vonyuthi's Gadget Shoppe.
  7501 | D:8      | Reached skill level 14 in Maces & Flails
  7577 | D:8      | Found Apeptodgh's General Store.
  7584 | D:8      | Found Itaoney's General Store.
  7630 | D:8      | Found Ynaih's Antique Armour Boutique.
  7696 | D:8      | Reached *** piety under Trog
  8378 | D:9      | Reached skill level 5 in Armour
  8378 | D:9      | Reached skill level 5 in Shields
  8649 | D:9      | Found an iron altar of Okawaru.
  8652 | D:9      | Fell from the grace of Trog
  8652 | D:9      | Became a worshipper of Warmaster Okawaru
  8947 | D:10     | Entered Level 10 of the Dungeon
  9078 | D:10     | Found a staircase to the Lair.
  9169 | D:10     | Identified a scroll of acquirement
  9170 | D:10     | Got a faintly glowing ring mail
  9184 | D:10     | Identified the +0 ring mail "Inim" {+Blink rF+++ MR+ Str-4} (You acquired it on level 10 of the Dungeon)
  9650 | D:10     | Noticed a hill giant
  9659 | D:10     | Killed a hill giant
  9659 | D:10     | Reached * piety under Okawaru
  9659 | D:10     | Reached XP level 11. HP: 48/60 MP: 11/11
 10223 | D:11     | Noticed a brown ugly thing
 10239 | D:11     | Noticed a deep elf mage
 10239 | D:11     | Killed a brown ugly thing
 10262 | D:11     | Killed a deep elf mage
 10286 | D:11     | Noticed a deep elf mage
 10345 | D:11     | Slain by a yak

Skill      XL: |  1  2  3  4  5  6  7  8  9 10 11 |
---------------+----------------------------------+-----
Maces & Flails | 3 4 5 6 7 9 11 13 14 | 14.2
Armour         | 6 8 |  8.1
Shields        | 6 7 |  7.9
Fighting       | |  3.2

Action                   |  1- 3 |  4- 6 |  7- 9 | 10-12 || total
-------------------------+-------+-------+-------+-------++-------
Melee: Flail             |   136 |    72 |   700 |   492 ||  1400
       Whip              |     3 |   223 |       |       ||   226
Invok: Berserk           |       |       |       |     2 ||     2
       Heroism           |       |       |       |     1 ||     1
  Use: Potion            |       |     2 |       |     1 ||     3
       Scroll            |       |       |       |    18 ||    18
 Stab: Sleeping          |       |       |     1 |     3 ||     4
  Eat: Chunk             |     1 |     5 |    15 |    13 ||    34
       Fruit             |       |       |       |     2 ||     2
       Beef jerky        |       |       |       |     1 ||     1
Armor: Scale mail        |    64 |   115 |   337 |       ||   516
       Ring mail         |       |       |     9 |   211 ||   220
Dodge: Dodged            |    48 |    69 |   188 |   158 ||   463
Block: Shield            |    95 |   145 |   301 |   273 ||   814
